TOP OF THE 1ST |
---|
New York Mets batting - Pitching for Philadelphia Phillies : LHP Amir Garrett | Pitching: LHP Amir Garrett | | Batting: SHB Ian Happ | 0-0: Called Strike 0-1: Foul Ball, location: 2F 0-2: Foul Ball, location: 2F 0-2: Fly out, F6 (Popup, 6D) | Batting: RHB Starlin Castro | 0-0: Foul Ball, location: 2F 0-1: Ball 1-1: Foul Ball, location: 2F 1-2: Fly out, F9 (Flyball, 9D) | Batting: LHB Travis Shaw | 0-0: Swinging Strike 0-1: Swinging Strike 0-2: Strikes out looking | Top of the 1st over - 0 runs, 0 hits, 0 errors, 0 left on base; New York 0 - Philadelphia 0 | BOTTOM OF THE 1ST |
---|
Philadelphia Phillies batting - Pitching for New York Mets : LHP Mike Montgomery | Pitching: LHP Mike Montgomery | | Batting: RHB Delino DeShields Jr. | 0-0: Ball 1-0: Ball 2-0: Ball 3-0: Called Strike 3-1: Called Strike 3-2: Foul Ball, location: 2F 3-2: Ground out 6-3 (Groundball, 6) | Batting: LHB Brett Sullivan | 0-0: Fly out, F8 (Flyball, 78S) | Batting: RHB Giancarlo Stanton | 0-0: Called Strike 0-1: Called Strike 0-2: Ball 1-2: SOLO HOME RUN (Flyball, 9D), Distance : 396 ft | Batting: LHB Justin Bour | 0-0: Ball 1-0: Foul Ball, location: 2F 1-1: Swinging Strike 1-2: SINGLE (Line Drive, 9S) | Batting: RHB Todd Frazier | 0-0: Ball 1-0: Foul Ball, location: 2F 1-1: Ball 2-1: Ball 3-1: Foul Ball, location: 2F 3-2: Fly out, F7 (Line Drive, 7D) | Bottom of the 1st over - 1 run, 2 hits, 0 errors, 1 left on base; New York 0 - Philadelphia 1 | TOP OF THE 2ND |
---|
New York Mets batting - Pitching for Philadelphia Phillies : LHP Amir Garrett | Batting: LHB Eddie Rosario | 0-0: Ball 1-0: SINGLE (Line Drive, 9S) | Batting: LHB Gerardo Parra | 0-0: Fly out, F5 (Popup, 56S) | Batting: LHB Mitch Moreland | 0-0: Ball 1-0: Swinging Strike 1-1: Ball 2-1: Foul Ball, location: 2F 2-2: Foul Ball, location: 2F 2-2: Ball 3-2: Foul Ball, location: 2F 3-2: Fly out, F8 (Line Drive, 8LD) | Batting: RHB Nick Ahmed | 0-0: Swinging Strike 0-1: Ball 1-1: Foul Ball, location: 2F 1-2: Foul Ball, location: 2F 1-2: Ball 2-2: Ball 3-2: Base on Balls Eddie Rosario to second | Batting: RHB John Hicks | 0-0: Called Strike 0-1: Ball 1-1: Fly out, F3 (Popup, 23F) | Top of the 2nd over - 0 runs, 1 hit, 0 errors, 2 left on base; New York 0 - Philadelphia 1 | BOTTOM OF THE 2ND |
---|
Philadelphia Phillies batting - Pitching for New York Mets : LHP Mike Montgomery | Batting: RHB Scott Kingery | 0-0: Ball 1-0: Called Strike 1-1: Foul Ball, location: 2F 1-2: Fly out, F7 (Flyball, 7LD) | Batting: RHB Carson Kelly | 0-0: Ball 1-0: Ball 2-0: Ground out 4-3 (Groundball, 4) | Batting: LHB Leonys Martin | 0-0: Foul Ball, location: 2F 0-1: SINGLE (Line Drive, 7S) | Batting: RHB Amir Garrett | 0-0: Foul Ball, location: 2F 0-1: Fly out, F7 (Flyball, 78S) | Bottom of the 2nd over - 0 runs, 1 hit, 0 errors, 1 left on base; New York 0 - Philadelphia 1 | TOP OF THE 3RD |
---|
New York Mets batting - Pitching for Philadelphia Phillies : LHP Amir Garrett | Batting: LHB Mike Montgomery | 0-0: Swinging Strike 0-1: Ground out 6-3 (Groundball, 6MS) | Batting: SHB Ian Happ | 0-0: Ball 1-0: Foul Ball, location: 2F 1-1: Ball 2-1: Ball 3-1: Swinging Strike 3-2: Foul Ball, location: 2F 3-2: Foul Ball, location: 2F 3-2: Strikes out swinging | Batting: RHB Starlin Castro | 0-0: Ball 1-0: Ball 2-0: Ball 3-0: Called Strike 3-1: Base on Balls | Batting: LHB Travis Shaw | 0-0: Swinging Strike 0-1: Fly out, F8 (Flyball, 89D) | Top of the 3rd over - 0 runs, 0 hits, 0 errors, 1 left on base; New York 0 - Philadelphia 1 | BOTTOM OF THE 3RD |
---|
Philadelphia Phillies batting - Pitching for New York Mets : LHP Mike Montgomery | Batting: RHB Delino DeShields Jr. | 0-0: Called Strike 0-1: Called Strike 0-2: Ball 1-2: Foul Ball, location: 2F 1-2: Ball 2-2: Ball 3-2: TRIPLE (Flyball, 89XD) | Batting: LHB Brett Sullivan | 0-0: Called Strike 0-1: Ball 1-1: Swinging Strike 1-2: SINGLE (Groundball, 4S) (infield hit) Delino DeShields Jr. scores | Batting: RHB Giancarlo Stanton | 0-0: Ball 1-0: Ball 2-0: Ball 3-0: Called Strike 3-1: Base on Balls Brett Sullivan to second | Batting: LHB Justin Bour | 0-0: Fielders Choice at 2nd, 3-6 (Groundball, 3) Brett Sullivan to third | Batting: RHB Todd Frazier | 0-0: Ball 1-0: Grounds into double play, 6-4-3 (Groundball, 6S) | Bottom of the 3rd over - 1 run, 2 hits, 0 errors, 1 left on base; New York 0 - Philadelphia 2 | TOP OF THE 4TH |
---|
New York Mets batting - Pitching for Philadelphia Phillies : LHP Amir Garrett | Batting: LHB Eddie Rosario | 0-0: Ball 1-0: Foul Ball, location: 2F 1-1: Ball 2-1: Swinging Strike 2-2: Ball 3-2: Strikes out looking | Batting: LHB Gerardo Parra | 0-0: Foul Ball, location: 2F 0-1: Called Strike 0-2: Ball 1-2: Ball 2-2: Ball 3-2: Ground out 6-3 (Groundball, 56) | Batting: LHB Mitch Moreland | 0-0: Ball 1-0: Foul Ball, location: 2F 1-1: Foul Ball, location: 2F 1-2: Foul Ball, location: 2F 1-2: Ball 2-2: DOUBLE (Flyball, 78D) | Batting: RHB Nick Ahmed | 0-0: Ball 1-0: Ground out 2-3 (Groundball, 15S) | Top of the 4th over - 0 runs, 1 hit, 0 errors, 1 left on base; New York 0 - Philadelphia 2 | BOTTOM OF THE 4TH |
---|
Philadelphia Phillies batting - Pitching for New York Mets : LHP Mike Montgomery | Batting: RHB Scott Kingery | 0-0: Fly out, F8 (Line Drive, 8RD) | Batting: RHB Carson Kelly | 0-0: Called Strike 0-1: Ball 1-1: Ball 2-1: SINGLE (Line Drive, 9S) | Pitching: LHP Andrew Suarez | | Batting: LHB Leonys Martin | 0-0: Called Strike 0-1: Swinging Strike 0-2: Foul Ball, location: 2F 0-2: Ball 1-2: DOUBLE (Flyball, 89XD) Carson Kelly to third | Batting: RHB Amir Garrett | 0-0: Ball 1-0: Foul Ball, location: 2F 1-1: Foul Ball, location: 2F 1-2: Strikes out swinging | Batting: RHB Delino DeShields Jr. | 0-0: Ball 1-0: Swinging Strike 1-1: Ball 2-1: Foul Ball, location: 2F 2-2: Strikes out swinging | Bottom of the 4th over - 0 runs, 2 hits, 0 errors, 2 left on base; New York 0 - Philadelphia 2 | TOP OF THE 5TH |
---|
New York Mets batting - Pitching for Philadelphia Phillies : LHP Amir Garrett | Batting: RHB John Hicks | 0-0: Ground out 5-3 (Groundball, 56) | Batting: LHB Andrew Suarez | 0-0: Ball 1-0: Reached on error, E1 (Groundball, 34S) | Batting: SHB Ian Happ | 0-0: Called Strike 0-1: Called Strike 0-2: Ball 1-2: SINGLE (Flyball, 7S) Andrew Suarez to third Runner from 3rd tries for Home, SAFE, throw made home | Batting: RHB Starlin Castro | 0-0: Foul Ball, location: 2F 0-1: Ball 1-1: Foul Ball, location: 2F 1-2: Foul Ball, location: 2F 1-2: Ball 2-2: Ball 3-2: Strikes out swinging | Batting: LHB Travis Shaw | 0-0: Ball 1-0: Ground out 1-3 (Groundball, P) | Top of the 5th over - 1 run, 1 hit, 1 error, 1 left on base; New York 1 - Philadelphia 2 | BOTTOM OF THE 5TH |
---|
Philadelphia Phillies batting - Pitching for New York Mets : LHP Andrew Suarez | Batting: LHB Brett Sullivan | 0-0: SOLO HOME RUN (Flyball, 9D), Distance : 373 ft | Batting: RHB Giancarlo Stanton | 0-0: Ball 1-0: Swinging Strike 1-1: Ball 2-1: Ball 3-1: Called Strike 3-2: Base on Balls | Batting: LHB Justin Bour | 0-0: Called Strike 0-1: Called Strike 0-2: Strikes out looking | Batting: RHB Todd Frazier | 0-0: Fly out, F7 (Flyball, 78S) | Batting: RHB Scott Kingery | 0-0: Ball 1-0: Swinging Strike 1-1: Swinging Strike 1-2: Strikes out looking | Bottom of the 5th over - 1 run, 1 hit, 0 errors, 1 left on base; New York 1 - Philadelphia 3 | TOP OF THE 6TH |
---|
New York Mets batting - Pitching for Philadelphia Phillies : LHP Amir Garrett | Batting: LHB Eddie Rosario | 0-0: Called Strike 0-1: Ball 1-1: Called Strike 1-2: SOLO HOME RUN (Line Drive, 89XD), Distance : 412 ft | Batting: LHB Gerardo Parra | 0-0: SINGLE (Line Drive, 9S) | Batting: LHB Mitch Moreland | 0-0: Swinging Strike 0-1: Swinging Strike 0-2: Ball 1-2: Ball 2-2: Ball 3-2: DOUBLE (Line Drive, 78D) Gerardo Parra to third Runner from 3rd tries for Home, SAFE, no throw | Pitching: RHP Sergio Romo | | Batting: RHB Nick Ahmed | 0-0: Ground out 3-1 (Groundball, 34) Mitch Moreland to third | Batting: RHB John Hicks | 0-0: Ball 1-0: Called Strike 1-1: Foul Ball, location: 2F 1-2: Foul Ball, location: 2F 1-2: Strikes out looking | Pinch Hitting: LHB Scott Schebler | 0-0: Called Strike 0-1: Swinging Strike 0-2: Ball 1-2: Ball 2-2: Strikes out swinging | Top of the 6th over - 2 runs, 3 hits, 0 errors, 1 left on base; New York 3 - Philadelphia 3 | BOTTOM OF THE 6TH |
---|
Philadelphia Phillies batting - Pitching for New York Mets : LHP Andrew Suarez | Pitching: RHP Drew Steckenrider | | Batting: RHB Carson Kelly | 0-0: Ball 1-0: Swinging Strike 1-1: Ball 2-1: Ground out 4-3 (Groundball, 34) | Batting: LHB Leonys Martin | 0-0: Ball 1-0: Ball 2-0: Fly out, F6 (Popup, 6D) | Pinch Hitting: RHB Jesus Aguilar | 0-0: Called Strike 0-1: Swinging Strike 0-2: Ball 1-2: Ground out 5-3 (Groundball, 56) | Bottom of the 6th over - 0 runs, 0 hits, 0 errors, 0 left on base; New York 3 - Philadelphia 3 | TOP OF THE 7TH |
---|
New York Mets batting - Pitching for Philadelphia Phillies : RHP Sergio Romo | Pitching: RHP Nate Jones | | Batting: SHB Ian Happ | 0-0: Ball 1-0: Ball 2-0: Ball 3-0: Foul Ball, location: 2F 3-1: Fly out, F8 (Flyball, 8RM) | Batting: RHB Starlin Castro | 0-0: Called Strike 0-1: Ball 1-1: Ball 2-1: Foul Ball, location: 2F 2-2: Ball 3-2: Strikes out looking | Batting: LHB Travis Shaw | 0-0: Ball 1-0: Called Strike 1-1: Ground out 4-3 (Groundball, 4S) | Top of the 7th over - 0 runs, 0 hits, 0 errors, 0 left on base; New York 3 - Philadelphia 3 | BOTTOM OF THE 7TH |
---|
Philadelphia Phillies batting - Pitching for New York Mets : RHP Drew Steckenrider | Pitching: RHP Zach McAllister | | Batting: RHB Delino DeShields Jr. | 0-0: Called Strike 0-1: Called Strike 0-2: Fly out, F7 (Flyball, 78D) | Batting: LHB Brett Sullivan | 0-0: Called Strike 0-1: Foul Ball, location: 2F 0-2: Foul Ball, location: 2F 0-2: Ball 1-2: Strikes out swinging | Batting: RHB Giancarlo Stanton | 0-0: Foul Ball, location: 2F 0-1: Ball 1-1: Ball 2-1: Foul Ball, location: 2F 2-2: Ball 3-2: Fly out, F5 (Popup, 56S) | Bottom of the 7th over - 0 runs, 0 hits, 0 errors, 0 left on base; New York 3 - Philadelphia 3 | TOP OF THE 8TH |
---|
New York Mets batting - Pitching for Philadelphia Phillies : RHP Nate Jones | Pitching: LHP Alex Claudio | | Pinch Hitting: RHB Salvador Perez | 0-0: Ball 1-0: Ball 2-0: Ball 3-0: SINGLE (Line Drive, 78S) | Batting: LHB Gerardo Parra | 0-0: Foul Ball, location: 2F 0-1: Foul Ball, location: 2F 0-2: Ball 1-2: Strikes out swinging | Batting: LHB Mitch Moreland | 0-0: Ball 1-0: Grounds into double play, 4-6-3 (Groundball, 34) | Top of the 8th over - 0 runs, 1 hit, 0 errors, 0 left on base; New York 3 - Philadelphia 3 | BOTTOM OF THE 8TH |
---|
Philadelphia Phillies batting - Pitching for New York Mets : RHP Zach McAllister | Pitching: RHP James Hoyt | | Now in LF: Jonathan Villar | | Batting: LHB Justin Bour | 0-0: Ball 1-0: Swinging Strike 1-1: Called Strike 1-2: Foul Ball, location: 2F 1-2: Ground out 4-3 (Groundball, 4) | Batting: RHB Todd Frazier | 0-0: Called Strike 0-1: Foul Ball, location: 2F 0-2: Foul Ball, location: 2F 0-2: Ball 1-2: Foul Ball, location: 2F 1-2: Ball 2-2: Fly out, F8 (Flyball, 8LXD) | Batting: RHB Scott Kingery | 0-0: Ball 1-0: Called Strike 1-1: Ground out 5-3 (Groundball, 56) | Bottom of the 8th over - 0 runs, 0 hits, 0 errors, 0 left on base; New York 3 - Philadelphia 3 | TOP OF THE 9TH |
---|
New York Mets batting - Pitching for Philadelphia Phillies : LHP Alex Claudio | Pitching: RHP Kenley Jansen | | Now at 3B: Nicky Delmonico | | Batting: RHB Nick Ahmed | 0-0: Swinging Strike 0-1: SINGLE (Groundball, 6MS) (infield hit) | Batting: RHB John Hicks | 0-0: Ground out U3 (Groundball, 3S) Nick Ahmed to second | Pinch Hitting: RHB Christian Vazquez | 0-0: Ball 1-0: Swinging Strike 1-1: Called Strike 1-2: Fly out, F4 (Popup, 34) | Batting: SHB Ian Happ | 0-0: Called Strike 0-1: Ball 1-1: Called Strike 1-2: 2-RUN HOME RUN (Flyball, 89XD), Distance : 407 ft | Batting: RHB Starlin Castro | 0-0: Ball 1-0: Called Strike 1-1: Ground out 5-3 (Groundball, 5L) | Top of the 9th over - 2 runs, 2 hits, 0 errors, 0 left on base; New York 5 - Philadelphia 3 | BOTTOM OF THE 9TH |
---|
Philadelphia Phillies batting - Pitching for New York Mets : RHP James Hoyt | Pitching: RHP Corey Knebel | | Batting: RHB Carson Kelly | 0-0: Foul Ball, location: 2F 0-1: Ball 1-1: Ball 2-1: Swinging Strike 2-2: Strikes out swinging | Batting: LHB Leonys Martin | 0-0: Foul Ball, location: 2F 0-1: Fly out, F9 (Flyball, 9S) | Batting: LHB Nicky Delmonico | 0-0: Called Strike 0-1: Fly out, F8 (Line Drive, 8RM) | Bottom of the 9th over - 0 runs, 0 hits, 0 errors, 0 left on base; New York 5 - Philadelphia 3 | |